 Dungeon Crawl Stone Soup version 0.30-a0-1164-ge08a67761e (webtiles) character file.

Game seed: 12679040087490427518

66 cforsyth the Caller (level 3, -1/39 HPs)
             Began as a Demigod Summoner on Apr 29, 2023.
             Succumbed to an orc wizard's poison
             ... on level 2 of the Dungeon.
             The game lasted 00:04:32 (1828 turns).

cforsyth the Caller (Demigod Summoner)              Turns: 1828, Time: 00:04:33

Health: -1/39      AC: 21    Str:  9    XL:     3   Next: 69%
Magic:  3/10       EV:  2    Int: 21    God:
Gold:   75         SH:  0    Dex: 14    Spells: 1/7 levels left

rFire   . . .        (no weapon)
rCold   . . .        (no shield)
rNeg    . . .        a - melded +0 robe
rPois   +            (helmet currently unavailable)
rElec   .            (cloak currently unavailable)
rCorr   .            (gloves currently unavailable)
SInv    .            d - melded +2 pair of boots
Will    .....        (no amulet)
Stlth   ++           (no ring)
HPRegen 0.26/turn    (no ring)
MPRegen 0.12/turn

%: no passive effects
@: lethally poisoned (-1 -> -16), tree-form, attractive
A: stationary, stasis, torment immunity, boosted hp, high MP 1, forlorn, divine
attributes
a: no special abilities


You were on level 2 of the Dungeon.
You were a tree.
You visited 1 branch of the dungeon, and saw 3 of its levels.

You collected 75 gold pieces.

Inventory:

Armour
 a - a +0 robe (melded)
 d - a +2 pair of boots (melded)
Scrolls
 c - 3 scrolls of identify {unknown}
 g - 4 scrolls of teleportation {unknown}
 h - a scroll of blinking {unknown}
Potions
 b - 2 potions of magic
 j - a potion of flight {unknown}


   Skills:
 - Level 1.7 Dodging
 - Level 1.7 Stealth
 + Level 2.8 Spellcasting
 + Level 4.4 Summonings


You had one spell level left.
You knew the following spells:

 Your Spells              Type           Power      Damage    Failure   Level
a - Summon Small Mammal   Summ           84%        N/A       2%          1
b - Call Imp              Summ           42%        N/A       3%          2
c - Call Canine Familiar  Summ           21%        N/A       7%          3

Your spell library contained the following spells:

 Spells                   Type           Power      Damage    Failure   Level
 Summon Guardian Golem    Hex/Summ       12%        N/A       17%         3
 Hailstorm                Conj/Ice       3%         3d3       38%         3
 Summon Lightning Spire   Summ/Air       12%        N/A       50%         4
 Ice Form                 Ice/Tmut       3%         N/A       80%         4
 Simulacrum               Ice/Necr       1%         N/A       100%        6


Dungeon Overview and Level Annotations

Branches:
Dungeon (3/15)

Shops:
D:1 [(:


Innate Abilities, Weirdness & Mutations

You are a tree.
Your roots penetrate the ground, keeping you stationary.
You cannot be teleported.
You are immune to unholy pain and torment.
Your maximum health is greatly increased.
Your equipment is partially melded.
You have an increased reservoir of magic. (+10% MP)
You shall have no god before yourself.
Your divine heritage dramatically boosts your attributes as you level up.


Message History

It was a potion of lignification.
You turn into a tree.
Your +2 pair of boots melds into your body.
Your +0 robe melds into your body.
Your roots penetrate the ground.
* * * LOW HITPOINT WARNING * * *
You feel very sick. Something hits you but does no damage.
Deactivating autopickup; reactivate with Ctrl-A.
The orc barely misses you.
Unknown command.
It was a potion of curing.
You feel better. Something hits you but does no damage.
The orc hits you with a +0 flail.
Casting: Call Imp (safe; 3% risk of failure)
Confirm with . or Enter, or press ? or * to list all spells.
Something hits you but does no damage.
You are poisoned.
The orc hits you with a +0 flail.
Casting: Call Canine Familiar (dangerous; 7% risk of failure)
Confirm with . or Enter, or press ? or * to list all spells.
A tiny devil pulls itself out of the air.
You feel very sick.
You hear some strange, mumbled words.
Something tries to affect you, but you resist.
The orc hits you but does no damage.
Casting: Call Imp (safe; 3% risk of failure)
Confirm with . or Enter, or press ? or * to list all spells.
You feel sick. Something hits you but does no damage.
The orc hits you but does no damage.
Your hound bites something but does no damage.
Your cerulean imp hits the orc but does no damage.
Casting: Summon Small Mammal (safe; 2% risk of failure)
Confirm with . or Enter, or press ? or * to list all spells.
You feel sick. Something hits you but does no damage.
You are lethally poisoned!
Your hound closely misses something.
The orc hits you with a +0 flail.
* * * LOW HITPOINT WARNING * * *
Your cerulean imp hits the orc but does no damage.
Unknown command.
It was a potion of attraction.
You feel attractive to monsters.
You die...

######################.#
#..h...................#
#.##################....
#.# #.### #.# #######
####.# #.# #.....#
#....### #h# #.....#
#.#..... #.#######.....#
#.#....# #......♣o.....#
#.####.# #####.rh{.....#
#......# #..r.5....#
#####..# #.........#
#..#
#.........#######..#
#...#.......<.......
####.....).....##.##
#.....#.....##...
#.....#....######


You could see an orc (ally target), a friendly hound (summoned), a friendly
cerulean imp (summoned), a friendly quokka (summoned) and a friendly rat
(summoned).

Vanquished Creatures
  2 hobgoblins
  A bat (D:1)
  A frilled lizard (D:2)
  A kobold (D:2)
5 creatures vanquished.

Vanquished Creatures (collateral kills)
  3 adders (D:2)
  A worm (D:2)
  3 orcs
  3 ball pythons
  A bat (D:2)
  4 endoplasms (D:2)
  A giant cockroach (D:2)
  2 goblins
  3 hobgoblins
  2 quokkas (D:2)
  A frilled lizard (D:1)
  A kobold (D:1)
  3 rats
28 creatures vanquished.

Grand Total: 33 creatures vanquished

Notes
Turn   | Place    | Note
-------+----------+-------------------------------------------
     0 | D:1      | cforsyth the Demigod Summoner began the quest for the Orb.
     0 | D:1      | Reached XP level 1. HP: 14/14 MP: 5/5
    49 | D:1      | Found Diyw's Weapon Shoppe.
   231 | D:1      | Found Dasm's Armour Emporium.
   407 | D:1      | Found Robop's Book Shop.
   560 | D:2      | Reached skill level 4 in Summonings
   560 | D:2      | Reached XP level 2. HP: 13/20 MP: 2/7
   563 | D:2      | Learned a level 2 spell: Call Imp
   809 | D:2      | Reached XP level 3. HP: 25/26 MP: 7/9
   816 | D:2      | Learned a level 3 spell: Call Canine Familiar
  1828 | D:2      | Succumbed to an orc wizard's poison

Illustrated notes

Levels and vault maps discovered:
D:1:      evilmike_arrival_fibonacci_small, layout_rooms, serial_shops,
          nicolae_shop_hallway_stairs, nicolae_shop_bloodbath_and_beyond,
          nicolae_shop_crystal
D:2:      layout_basic, kennysheep_generic_room_11
D:3:      layout_basic, mainiacjoe_overflow_catwalk

Skill      XL: |  1 |
---------------+----+-----
Spellcasting   | 2 |  2.8
Summonings     | 4 |  4.4
Dodging        | |  1.7
Stealth        | |  1.7

Action                     || total
---------------------------++-------
  Melee: Unarmed           ||    55
         Punch             ||     2
   Cast: Summon Small Mamm ||    39
         Call Imp          ||    18
         Call Canine Famil ||     9
    Use: Potion            ||     3
   Stab: Sleeping          ||     1
 Armour: Robe              ||    17
         Skin              ||     7
  Dodge: Dodged            ||    40

Table legend: (Time is in decaauts)
 A = Elapsed time spent in this place.
 B = Non-inter-level travel time spent in this place.
 C = Inter-level travel time spent in this place.
 D = Time resting spent in this place.
 E = Time spent auto-exploring this place.
 F = Levels seen in this place.
 G = Mean time per level.
                   A        B        C        D        E       F      G
               +--------+--------+--------+--------+--------+-----+--------+
         Total |   1828 |   1785 |     43 |     54 |   1367 |   3 |  609.3 |
       Dungeon |   1828 |   1785 |     43 |     54 |   1367 |   3 |  609.3 |
               +--------+--------+--------+--------+--------+-----+--------+

Top non-repeatable levels by time:
     D:2: 1240 daAuts
     D:1: 525 daAuts
     D:3: 63 daAuts
